 Dungeon Crawl Stone Soup version 0.27.1-34-g3ba077fa99 (webtiles) character file.

Game seed: 2404618172880679243

32 Sharkman1231 the Magician (level 3, -1/26 HPs)
             Began as a Draconian Hedge Wizard on Jan 22, 2022.
             Slain by an adder (4 damage)
             ... on level 2 of the Dungeon.
             The game lasted 00:01:52 (1779 turns).

Sharkman1231 the Magician (Draconian Hedge Wizard)  Turns: 1779, Time: 00:01:52

Health: -1/26      AC:  5    Str: 12    XL:     3   Next: 10%
Magic:  1/7        EV: 12    Int: 14    God:
Gold:   48         SH:  0    Dex: 11    Spells: 5/8 levels left

rFire    . . .     SeeInvis .   d - staff of air
rCold    . . .     Faith    .   (no shield)
rNeg     . . .     Spirit   .   (armour unavailable)
rPois    .         Reflect  .   b - +0 hat
rElec    +         Harm     .   (no cloak)
rCorr    .         Rampage  .   (no gloves)
Will     .....                  (no boots)
Stlth    ++........             (no amulet)
HPRegen  0.08/turn              (no ring)
MPRegen  0.10/turn              (no ring)

@: lethally poisoned (-1 -> -10)
A: AC +5, unfitting armour, cold-blooded
a: no special abilities


You were on level 2 of the Dungeon.
You visited 1 branch of the dungeon, and saw 2 of its levels.

You collected 48 gold pieces.

Inventory:

Hand Weapons
 a - a +0 dagger
 e - a +0 quarterstaff
Armour
 b - a +0 hat (worn)
Magical Staves
 d - a staff of air (weapon)


   Skills:
 - Level 1.7 Dodging
 - Level 1.7 Stealth
 + Level 3.3 Spellcasting
 + Level 1.9 Conjurations
 - Level 1.0 Summonings
 + Level 1.9 Translocations


You had 5 spell levels left.
You knew the following spells:

 Your Spells              Type           Power      Damage    Failure   Level
a - Magic Dart            Conj           28%        1d4       10%         1
b - Blink                 Tloc           N/A        N/A       14%         2

Your spell library contained the following spells:

 Spells                   Type           Power      Damage    Failure   Level
 Call Imp                 Summ           5%         N/A       21%         2
 Slow                     Hex            2%         N/A       30%         2
 Conjure Flame            Conj/Fire      5%         6-21      38%         3
 Stone Arrow              Conj/Erth      10%        3d7       38%         3
 Mephitic Cloud           Conj/Pois/Air  6%         N/A       43%         3
 Bolt of Magma            Conj/Fire/Erth 2%         4d4       99%         5
 Shatter                  Erth           1%         3d5*      100%        9


Dungeon Overview and Level Annotations

Branches:
Dungeon (2/15)

Altars:


Innate Abilities, Weirdness & Mutations

Your plain brown scales are hard. (AC +5)
You cannot fit into any form of body armour.
You are cold-blooded and may be slowed by cold attacks.


Message History

You feel sick. The adder bites you but does no damage.
Unknown command.
Casting: Magic Dart (safe; 10% risk of failure)
Confirm with . or Enter, or press ? or * to list all spells.
Aiming: Magic Dart (safe; 10% risk of failure)
Press: ? - help, Shift-Dir - straight line, f/p - adder
Aim: an adder (severely wounded, 100% to hit)
The magic dart hits the adder but does no damage.
The adder is severely wounded.
You feel sick. The adder bites you.
You are more poisoned.
The adder poisons you!
You barely miss the adder.
The adder is severely wounded.
You feel very sick. The adder bites you.
The adder bites you but does no damage.
Your magical contamination has completely faded away.
You hit the adder but do no damage.
The adder is severely wounded.
You feel sick. The adder bites you.
You are more poisoned.
The adder poisons you!
You closely miss the adder.
The adder is severely wounded.
You feel very sick. The adder bites you but does no damage.
The adder barely misses you.
You closely miss the adder.
The adder is severely wounded.
You feel sick. The adder barely misses you. The adder bites you.
* * * LOW HITPOINT WARNING * * *
You are more poisoned.
The adder poisons you!
You aren't carrying any potions.
As you read the scroll labelled MOUFRA JEHO, it crumbles to dust.
It is a scroll of identify.
You don't have any unidentified items.
* * * LOW HITPOINT WARNING * * *
You feel very sick. The adder bites you.
You die...

##...## #. #.. ##'## #
#.. #.# #.# #.# ##.##
##...####
#.......######.#
.##.#####.....#........#
......S@........########
###.#####....#.## #.
#......# ####. #.#..###
.....#####.#..#
........##.#..#
........##....###
#..............#
#..###..######.#


You could see an adder.

Vanquished Creatures
  3 dart slugs
  5 bats
  An endoplasm (D:1)
  3 giant cockroaches
  3 goblins (D:1)
  2 hobgoblins (D:1)
  A kobold (D:1)
  3 ball pythons (D:1)
  A frilled lizard (D:1)
  A rat (D:1)
23 creatures vanquished.

Notes
Turn   | Place    | Note
-------+----------+-------------------------------------------
     0 | D:1      | Sharkman1231 the Draconian Hedge Wizard began the quest for
                  | the Orb.
     0 | D:1      | Reached XP level 1. HP: 14/14 MP: 4/4
   159 | D:1      | Found a faded altar of an unknown god.
   414 | D:1      | Reached XP level 2. HP: 20/20 MP: 4/6
   417 | D:1      | Learned a level 2 spell: Blink
  1470 | D:2      | Reached XP level 3. HP: 26/26 MP: 2/7
  1779 | D:2      | Slain by an adder

Illustrated notes

Levels and vault maps discovered:
D:1:      heliophobic_arrival_henge, layout_basic,
          dilly_ecumenical_altar_fadedgnrine
D:2:      layout_loops_corners, grunt_decor_resistance,
          minmay_misc_feat_four_crosses, kennysheep_generic_room_9, uniq_jessica

Action                   || total
-------------------------++-------
Melee: Staff             ||    23
       Tailslap          ||     2
 Cast: Magic Dart        ||    64
  Use: Scroll            ||     1
Armor: Skin              ||    12
Dodge: Dodged            ||    35
